 Dungeon Sprint DCSS version bcrawl-1.17.3 (webtiles) character file.

Game seed: 18269803562778416281

440 esc the Jinx (level 6, -2/37 HPs)
             Began as a Spriggan Enchanter on Oct 25, 2019.
             Was an Initiate of Dithmenos.
             Slain by Sonja
             ... wielding a +2 short sword of distortion
              (6 damage)
             ... in the Dungeon (Sprint I: "Red Sonja").
             The game lasted 00:02:45 (432 turns).

esc the Jinx (Spriggan Enchanter)                    Turns: 432, Time: 00:02:46

Health: -2/37      AC:  2    Str:  4    XL:     6   Next: 70%
Magic:  16/20      EV: 18    Int: 18    God:    Dithmenos [......]
Gold:   297        SH:  0    Dex: 17    Spells: 16/25 levels left

rFire    . . .     SeeInvis +   j - +2 dagger (chaos)
rCold    . . .     Gourm    .   (shield restricted)
rNeg     . . .     Faith    .   b - +0 robe
rPois    .         Spirit   .   (helmet restricted)
rElec    .         Reflect  .   (no cloak)
rCorr    .         Harm     .   (gloves unavailable)
MR       +....     NoTele   +   (boots unavailable)
Stlth    +++.......             (no amulet)
HPRegen  0.12/turn              (no ring)
MPRegen  0.17/turn              (no ring)

@: lethally poisoned (-2 -> -13), slowed, quick
A: very small, unfitting armour, see invisible, herbivore, speed 3, slow
metabolism 2
a: Renounce Religion


You were in the Dungeon.
You worshipped Dithmenos.
Dithmenos was noncommittal.
You were not hungry.

You visited 1 branch You collected 297 gold pieces.

Inventory:

Hand Weapons
 a - a +1 dagger
 j - a +2 dagger of chaos (weapon)
 l - a +0 hunting sling of freezing
Missiles
 m - 225 sling bullets
Armour
 b - a +0 robe (worn)
Wands
 c - a wand of polymorph (6)
 p - a wand of acid (8)
Scrolls
 d - a scroll of fog
 k - a scroll of blinking
 o - a scroll of enchant armour {unknown}
Potions
 e - 2 potions of flight {unknown}
 g - a potion of heal wounds
 h - a potion of haste
 i - 2 potions of magic
 n - a potion of berserk rage
Comestibles
 f - a ration {!d}


   Skills:
 + Level 6.9 Fighting
 + Level 1.2 Short Blades
 + Level 3.0 Dodging
 + Level 4.8 Stealth
 + Level 10.3 Spellcasting
 + Level 10.5 Hexes


You had 16 spell levels left.
You knew the following spells:

 Your Spells              Type           Power        Failure   Level  Hunger
a - Corona                Hex            #####..      1%          1    None
b - Ensorcelled Hibernat  Hex/Ice        ####..       1%          2    None
c - Confuse               Hex            #####...     1%          3    None
d - Dazzling Spray        Conj/Hex       ####..       2%          3    None

Your spell library contained the following spells:

 Spells                   Type           Power        Failure   Level  Hunger
 Tukima's Dance           Hex            #####...     1%          3    None


Dungeon Overview and Level Annotations

Branches:
Dungeon (1/1)

Altars:
Cheibriados
Dithmenos
Elyvilon
Fedhas
Gozag
Hepliaklqana
Kikubaaqudgha
Nemelex Xobeh
Okawaru
Qazlal
Ru
Sif Muna
Trog
Uskayaw
Vehumet
Wu Jian
Yredelemnul
Zin
The Shining One

Shops:
D :

Annotations:
D Sonja


Innate Abilities, Weirdness & Mutations

You are very small and have problems with some larger weapons.
You are too small for most types of armour.
You have supernaturally acute eyesight. (SInv)
You are a herbivore.
You cover ground extremely quickly.
You need to consume almost no food.


Message History

You impale Sonja!!
Sonja's magic leaks into the air.
Sonja is severely wounded.
You feel sick.
Sonja unwields a -2 blowgun.
Sonja wields a +2 short sword of distortion.
Its appearance distorts for a moment.
Sonja closely misses you. x2
Sonja barely misses you.
Sonja hits you with a +2 short sword of distortion!
* * * LOW HITPOINT WARNING * * *
You feel a strange sense of stasis. Sonja completely misses you.
Sonja misses you.
Casting: Ensorcelled Hibernation (safe; 1% risk of failure)
Confirm with . or Enter, or press ? or * to list all spells.
Aiming: Dazzling Spray (safe; 2% risk of failure)
Press: ? - help, Shift-Dir - straight line, f/p - Sonja
Aim: Sonja, wielding a +2 short sword of distortion and carrying a wand of polymorph (5) (severely wounded)
The spray of energy misses Sonja.
* * * LOW HITPOINT WARNING * * *
You feel sick.
Sonja hits you with a +2 short sword of distortion.
You die...

#..#####'#####'#
#..####..#...#.#
#..#__####..##.#
#..#_____##'#_.+
#⌠⌠#_.∩..†'..._#
####_..__##_.#'#
#_____###'#[#
#########.###


+$@$+ #$K$# ##.## #+# You could see Sonja.

Vanquished Creatures
  Sigmund (D)
  A yak (D)
  An ogre (D)
  A jelly (D)
  Ijyb (D)
5 creatures vanquished.

Notes
Turn   | Place    | Note
-------+----------+-------------------------------------------
     0 | D        | esc the Spriggan Enchanter began the quest for the Orb.
     0 | D        | Reached XP level 1. HP: 9/9 MP: 5/5
     1 | D        | Noticed Ijyb
    19 | D        | Killed Ijyb
    19 | D        | Reached skill level 5 in Hexes
    19 | D        | Reached XP level 2. HP: 7/16 MP: 5/8
    42 | D        | Learned a level 2 spell: Ensorcelled Hibernation
   154 | D        | Noticed an ogre
   179 | D        | Killed an ogre
   179 | D        | Reached XP level 3. HP: 21/21 MP: 7/12
   179 | D        | Reached XP level 4. HP: 25/25 MP: 7/13
   185 | D        | Learned a level 3 spell: Confuse
   189 | D        | Learned a level 3 spell: Dazzling Spray
   227 | D        | Noticed Sigmund
   232 | D        | Killed Sigmund
   232 | D        | Reached skill level 5 in Fighting
   232 | D        | Reached XP level 5. HP: 32/32 MP: 13/17
   232 | D        | Reached XP level 6. HP: 36/36 MP: 14/19
   261 | D        | Found an ornate altar of the Wu Jian Council.
   261 | D        | Found a shimmering blue altar of Sif Muna.
   263 | D        | Found a radiant altar of Vehumet.
   298 | D        | Found Loykuj's Book Emporium.
   298 | D        | Found an ancient bone altar of Kikubaaqudgha.
   298 | D        | Found a hazy altar of Hepliaklqana.
   298 | D        | Found a stormy altar of Qazlal.
   298 | D        | Found a hide-covered altar of Uskayaw.
   298 | D        | Found a blossoming altar of Fedhas.
   298 | D        | Found a bloodstained altar of Trog.
   298 | D        | Found an iron altar of Okawaru.
   298 | D        | Found a basalt altar of Yredelemnul.
   298 | D        | Found a glowing golden altar of the Shining One.
   298 | D        | Found a snail-covered altar of Cheibriados.
   298 | D        | Found a sacrificial altar of Ru.
   298 | D        | Found a glowing silver altar of Zin.
   298 | D        | Found a shadowy altar of Dithmenos.
   298 | D        | Found a white marble altar of Elyvilon.
   298 | D        | Noticed a yak
   299 | D        | Found an opulent altar of Gozag.
   306 | D        | Killed a yak
   306 | D        | Reached skill level 10 in Spellcasting
   306 | D        | Reached skill level 10 in Hexes
   307 | D        | Found a sparkling altar of Nemelex Xobeh.
   313 | D        | Became a worshipper of Dithmenos the Shadowed
   426 | D        | Noticed Sonja
   432 | D        | Slain by Sonja

Skill      XL: |  1  2  3  4  5  6 |
---------------+-------------------+-----
Fighting       | 2 4 5 6 |  6.9
Spellcasting   | 4 6 9 10 | 10.3
Hexes          | 5 7 9 10 | 10.5
Short Blades   | |  1.2
Dodging        | |  3.0
Stealth        | |  4.8

Action                   |  1- 3 |  4- 6 || total
-------------------------+-------+-------++-------
Melee: Dagger            |    17 |    11 ||    28
 Cast: Ensorcelled Hiber |     2 |     2 ||     4
       Dazzling Spray    |       |     1 ||     1
  Use: Potion            |     2 |       ||     2
 Stab: Sleeping          |     2 |     4 ||     6
Armor: Robe              |     1 |       ||     1
       Skin              |     1 |       ||     1
Dodge: Dodged            |     5 |     9 ||    14
